 Dungeon Crawl Stone Soup version 0.28-a0-1038-g9c4cb8273d (webtiles) character file.

Game seed: 944041022997531835

271 Turgor the Gusty (level 6, 24/24 HPs)
             Began as a Felid Air Elementalist on Dec 8, 2021.
             Quit the game on level 3 of the Dungeon.
             The game lasted 00:22:22 (5057 turns).

Turgor the Gusty (Felid Air Elementalist)           Turns: 5057, Time: 00:22:22

Health: 24/24      AC:  2    Str:  4    XL:     6   Next: 2%
Magic:  14/14      EV: 17    Int: 18    God:
Gold:   156        SH:  0    Dex: 17    Spells: 4/14 levels left
                                        Lives:  0   Deaths: 2

rFire   . . .      SeeInvis +   (weapon unavailable)
rCold   . . .      Faith    .   (shield unavailable)
rNeg    + . .      Spirit   .   (armour unavailable)
rPois   .          Reflect  .   (helmet unavailable)
rElec   .          Harm     .   (cloak unavailable)
rCorr   .          Rampage  .   (gloves unavailable)
Will    .....                   (boots unavailable)
Stlth   ++........              (no amulet)
HPRegen 0.08/turn               p - ring of positive energy
MPRegen 0.14/turn               (no ring)

@: quick
A: very small, claws 1, fangs 3, see invisible, speed 1, shaggy fur 2, stealthy
paws, no weapons or thrown items, no armour, multi-lived
a: no special abilities


You were on level 3 of the Dungeon.
You visited 1 branch of the dungeon, and saw 5 of its levels.

You collected 156 gold pieces.

Inventory:

Jewellery
 p - a ring of positive energy (left paw)
Wands
 g - a wand of mindburst (4)
 l - a wand of iceblast (3)
Scrolls
 b - 6 scrolls of magic mapping
 d - 2 scrolls of silence {unknown}
 h - a scroll of teleportation {unknown}
 i - a scroll of fog {unknown}
 m - a scroll of enchant weapon {unknown}
 n - a scroll of fear {unknown}
Potions
 a - a potion of resistance
 c - 4 potions of curing
 e - 2 potions of mutation
 f - 2 potions of haste
 j - a potion of flight {unknown}
 k - 3 potions of heal wounds {unknown}
 o - a potion of attraction {unknown}
 q - a potion of brilliance {unknown}


   Skills:
 - Level 2.6 Dodging
 - Level 2.6 Stealth
 + Level 4.9 Spellcasting
 - Level 3.0 Conjurations
 + Level 5.2 Air Magic


You had 4 spell levels left.
You knew the following spells:

 Your Spells              Type           Power      Damage    Failure   Level
a - Shock                 Conj/Air       76%        1d7       2%          1
b - Static Discharge      Conj/Air       19%        N/A       3%          2
c - Swiftness             Air            23%        N/A       4%          3
d - Airstrike             Air            11%        N/A       16%         4

Your spell library contained the following spells:

 Spells                   Type           Power      Damage    Failure   Level
 Foxfire                  Conj/Fire      36%        2x1d5     8%          1
 Animate Skeleton         Necr           8%         N/A       14%         1
 Apportation              Tloc           8%         N/A       14%         1
 Summon Small Mammal      Summ           16%        N/A       14%         1
 Conjure Flame            Conj/Fire      9%         6-21      22%         3
 Inner Flame              Hex/Fire       4%         N/A       38%         3
 Flame Wave               Conj/Fire      9%         2d4       58%         4


Dungeon Overview and Level Annotations

Branches:
Dungeon (5/15)
 Temple: D:4-7

Altars:

Shops:
D:3 (

Annotations:
D:5 Edmund


Innate Abilities, Weirdness & Mutations

You have sharp claws.
You have razor-sharp teeth.
You have supernaturally acute eyesight. (SInv)
You cover ground quickly. (Speed+)
You are covered in thick fur. (AC +2)
Your paws help you pounce on unaware monsters.
You are incapable of wielding weapons or throwing items.
You cannot wear armour.
You gain extra lives every three experience levels.


Message History

The orc wizard points at you and mumbles some strange words.
The puff of flame hits you!
* * * LOW HITPOINT WARNING * * *
A mysterious force pulls you upwards. The hatch slams shut behind you.
A goblin is nearby!
Casting: Shock (safe; 2% risk of failure)
Confirm with . or Enter, or press ? or * to list all spells.
Aiming: Shock (safe; 2% risk of failure)
Press: ? - help, Shift-Dir - straight line, f - goblin
Aim: a goblin, wielding a +0 trident (wandering, hasn't noticed you, 64% to hit)
You miscast Shock.
You are very lightly contaminated with residual magic.
Nothing appears to happen.
The goblin shouts!
Casting: Shock (safe; 2% risk of failure)
Confirm with . or Enter, or press ? or * to list all spells.
Aiming: Shock (safe; 2% risk of failure)
Press: ? - help, Shift-Dir - straight line, f/p - goblin
Aim: a goblin, wielding a +0 trident (64% to hit)
You miscast Shock.
Nothing appears to happen.
The goblin misses you.
Unknown command.
Casting: Shock (safe; 2% risk of failure)
Confirm with . or Enter, or press ? or * to list all spells.
Aiming: Shock (safe; 2% risk of failure)
Press: ? - help, Shift-Dir - straight line, f/p - goblin
Aim: a goblin, wielding a +0 trident (64% to hit)
You miscast Shock.
Nothing appears to happen.
The goblin hits you from afar with a +0 trident!
You die...
You are now level 6!
You rejoin the land of the living...
Unknown command.
Casting: Shock (safe; 2% risk of failure)
Confirm with . or Enter, or press ? or * to list all spells.
Okay, then.
Aiming: Shock (safe; 2% risk of failure)
Press: ? - help, Q - select action, (/) - cycle Shift-Dir - straight line, f - you
Okay, then.
Unknown command.
Are you sure you want to abandon this character and quit the game? (Confirm with "yes".)

#####.#.#.#.## #.# #............#
#.# ########## #>##.........# #.#
#......... #....#.#.#...# #.#
#.#######. ###.)#.##.##...# #.#
#.# ####. .......#####.[.# #.#
#.# #.... ###..#.# #...#
#.#####.# ##'##.
.......#####...###.....(.###...#.
.....#..........@..........#...#.
##.............########.####...##
......#####.##)# #.# ######
##....#####.##.# #.# #.#
...............# #.###.#####
###.....<...#### #.......... #
###.#####># #####.##### # ##.#.##
#.# #..## # ###.###.###.# #.#.# #


There were no monsters in sight!

Vanquished Creatures
  Duvessa (D:5)
  A centaur (D:5)
  Dowan (D:5)
  A howler monkey (D:4)
  2 hounds
  2 orc priests (D:4)
  Ijyb (D:3)
  7 gnolls
  3 adders
  A worm (D:4)
  2 dart slugs
  11 orcs
  9 endoplasms
  3 giant cockroaches
  6 goblins
  8 hobgoblins
  2 jackals (D:1)
  8 kobolds
  4 quokkas
  4 ball pythons
  7 bats
  2 frilled lizards (D:2)
  A quokka skeleton (D:4)
  A rat (D:1)
88 creatures vanquished.

Notes
Turn   | Place    | Note
-------+----------+-------------------------------------------
     0 | D:1      | Turgor the Felid Air Elementalist began the quest for the
                  | Orb.
     0 | D:1      | Reached XP level 1. HP: 7/7 MP: 4/4
    13 | D:1      | Reached skill level 1 in Conjurations
   189 | D:1      | Reached XP level 2. HP: 11/11 MP: 4/6
   193 | D:1      | Learned a level 2 spell: Static Discharge
   410 | D:1      | Reached skill level 3 in Air Magic
  1139 | D:2      | Reached XP level 3. HP: 14/14 MP: 5/7
  1420 | D:2      | Learned a level 3 spell: Swiftness
  1423 | D:2      | Found a faded altar of an unknown god.
  1463 | D:2      | Reached XP level 4. HP: 18/18 MP: 6/9
  2378 | D:3      | Noticed Ijyb
  2399 | D:3      | Killed Ijyb
  2509 | D:3      | Found Nas Zoh's Weapon Emporium.
  2974 | D:3      | Reached XP level 5. HP: 21/21 MP: 3/10
  3369 | D:3      | Learned a level 4 spell: Airstrike
  3424 | D:4      | Killed from afar by an orc priest
  3425 | D:4      | Reached XP level 4. HP: -2/18 MP: 9/9
  4077 | D:4      | Reached skill level 4 in Air Magic
  4077 | D:4      | Reached XP level 5. HP: 19/21 MP: 4/11
  4845 | D:5      | Entered Level 5 of the Dungeon
  4845 | D:5      | Noticed Duvessa
  4846 | D:5      | Noticed Dowan
  4848 | D:5      | Killed Dowan
  4849 | D:5      | Gained mutation: You are covered in thick fur. (AC +2)
                  | [Felid growth]
  4849 | D:5      | Reached XP level 6. HP: 24/24 MP: 11/13
  4849 | D:5      | Killed Duvessa
  4852 | D:5      | Noticed Edmund
  4988 | D:5      | Reached skill level 5 in Air Magic
  5011 | D:5      | Noticed a sky beast
  5037 | D:4      | Reached XP level 7. HP: 18/27 MP: 6/15
  5056 | D:3      | Slain by a goblin
  5057 | D:3      | Reached XP level 6. HP: -3/24 MP: 5/14
  5057 | D:3      | Quit the game

Illustrated notes

Levels and vault maps discovered:
D:1:      dpeg_arrival_tiny_k, layout_rooms, minmay_misc_feat_nine_boxes,
          minmay_misc_feat_iff, serial_park_tiny_1
D:2:      layout_basic, hellmonk_ecumenical_altar_prayer_group,
          minmay_door_square
D:3:      layout_loops_ring, serial_shops, nicolae_shop_bloodbath_and_beyond,
          eino_tiny_chamber, uniq_ijyb
D:4:      layout_gridville, minmay_hedge_maze, kennysheep_small_spiral
D:5:      layout_cave_pools, uniq_sigmund, uniq_duvessa,
          uniq_crazy_yiuf_cottage, uniq_edmund

Skill      XL: |  1  2  3  4  5  6 |
---------------+-------------------+-----
Conjurations   | 1 2 3 |  3.0
Air Magic      | 3 4 5 |  5.2
Spellcasting   | 3 4 |  4.9
Dodging        | |  2.6
Stealth        | |  2.6

Action                   |  1- 3 |  4- 6 |  7- 9 || total
-------------------------+-------+-------+-------++-------
Melee: Unarmed           |     4 |    51 |       ||    55
       Bite              |       |     9 |       ||     9
 Cast: Shock             |    63 |   142 |       ||   205
       Static Discharge  |       |     3 |       ||     3
Evoke: Wand              |       |     8 |       ||     8
  Use: Scroll            |     2 |     3 |       ||     5
Armor: Skin              |     2 |       |       ||     2
Dodge: Dodged            |    11 |    19 |     1 ||    31

Table legend: (Time is in decaauts)
 A = Elapsed time spent in this place.
 B = Non-inter-level travel time spent in this place.
 C = Inter-level travel time spent in this place.
 D = Time resting spent in this place.
 E = Time spent auto-exploring this place.
 F = Levels seen in this place.
 G = Mean time per level.
                   A        B        C        D        E       F      G
               +--------+--------+--------+--------+--------+-----+--------+
         Total |   4526 |   4426 |    100 |    365 |   3366 |   5 |  905.2 |
       Dungeon |   4526 |   4426 |    100 |    365 |   3366 |   5 |  905.2 |
               +--------+--------+--------+--------+--------+-----+--------+

Top non-repeatable levels by time:
     D:4: 1374 daAuts
     D:2: 1125 daAuts
     D:1: 1075 daAuts
     D:3: 833 daAuts
     D:5: 117 daAuts
